 Dungeon Crawl Stone Soup version 0.29.1-15-g9cfb28693d (webtiles) character file.

Game seed: 11508387561359202789

133 workbot the Chopper (level 4, -2/41 HPs)
             Began as a Minotaur Berserker on Feb 28, 2023.
             Was a Believer of Trog.
             Slain by a gnoll
             ... wielding a +0 spear
              (3 damage)
             ... on level 3 of the Dungeon.
             The game lasted 00:06:21 (2500 turns).

workbot the Chopper (Minotaur Berserker)            Turns: 2500, Time: 00:06:21

Health: -2/41      AC: 12    Str: 24    XL:     4   Next: 94%
Magic:  3/3        EV:  7    Int:  4    God:    Trog [**....]
Gold:   102        SH:  0    Dex:  9    Spells: 3/3 levels left

rFire   . . .      SeeInvis .   a - +0 hand axe
rCold   . . .      Faith    .   (no shield)
rNeg    . . .      Spirit   .   m - +0 plate armour
rPois   .          Reflect  .   (helmet restricted)
rElec   .          Harm     .   r - +0 cloak
rCorr   .          Rampage  .   (no gloves)
Will    +....                   (no boots)
Stlth   ..........              (no amulet)
HPRegen 0.13/turn               n - ring of willpower
MPRegen 0.08/turn               (no ring)

@: on berserk cooldown
A: horns 2, retaliatory headbutt
a: Renounce Religion, Berserk, Trog's Hand


You were on level 3 of the Dungeon.
You worshipped Trog.
Trog was pleased with you.
You visited 1 branch of the dungeon, and saw 3 of its levels.

You collected 102 gold pieces.

Inventory:

Hand Weapons
 a - a +0 hand axe (weapon)
Armour
 m - a +0 plate armour (worn)
 r - a +0 cloak (worn)
Jewellery
 n - a ring of willpower (left hand)
Wands
 g - a wand of digging (3)
Scrolls
 d - a scroll of enchant weapon {unknown}
 e - a scroll of butterflies {unknown}
 i - a scroll of blinking {unknown}
 j - a scroll of enchant armour {unknown}
 o - 2 scrolls of teleportation {unknown}
Potions
 b - 2 potions of attraction {unknown}
 c - a potion of degeneration {unknown}
 f - a potion of magic {unknown}
 h - a potion of haste {unknown}
 k - 2 potions of flight {unknown}
 l - a potion of cancellation {unknown}
 p - 2 potions of ambrosia {unknown}
 q - a potion of curing {unknown}


   Skills:
 + Level 4.7 Fighting
 + Level 5.5 Axes
 + Level 3.0 Armour
 + Level 2.5 Dodging
 + Level 0.3 Stealth


You had 3 spell levels left.
You didn't know any spells.
Your spell library contained the following spells:

 Spells                   Type           Power      Damage    Failure   Level
 Malign Gateway           Summ/Tloc      0%         N/A       100%        7
 Summon Horrible Things   Summ           0%         N/A       100%        8


Dungeon Overview and Level Annotations

Branches:
Dungeon (3/15)

Altars:


Innate Abilities, Weirdness & Mutations

You have a pair of horns on your head.
You reflexively headbutt those who attack you in melee.


Message History

The gnoll closely misses you. The gnoll barely misses you.
You furiously retaliate!
You headbutt the gnoll. You hit the gnoll but do no damage.
The gnoll is moderately wounded.
You hit the gnoll.
You feel the effects of Trog's Hand fading.
The orc priest miscasts a cantrip.
The gnoll closely misses you. The gnoll hits you but does no damage.
You feel yourself speed up.
The orc priest looks encouraged for a moment.
The gnoll barely misses you.
The gnoll hits you from afar with a +0 spear. x2
The gnoll hits you from afar with a +0 halberd.
You see here a +0 dagger.
Your skin stops crawling.
You feel less strong-willed.
The orc priest mumbles some strange prayers to Beogh against you.
Beogh smites you! The gnoll barely misses you. You furiously retaliate!
You headbutt the gnoll! The gnoll hits you but does no damage.
You are too injured to fight recklessly!
You are too injured to fight recklessly!
Unknown command.
You barely miss the gnoll.
The gnoll is almost dead.
The gnoll closely misses you.
The gnoll hits you from afar with a +0 spear.
* * * LOW HITPOINT WARNING * * *
You hit the gnoll.
You kill the gnoll!
Trog accepts your kill.
The gnoll hits you from afar with a +0 spear.
* * * LOW HITPOINT WARNING * * *
The gnoll hits you with a +0 spear.
* * * LOW HITPOINT WARNING * * *
You see here a +0 halberd.
You closely miss the gnoll.
You headbutt the gnoll, but do no damage.
The gnoll is heavily wounded.
The orc priest looks braver for a moment.
The gnoll hits you with a +0 spear.
You die...

###############
#.............. #
#.............. #.
#.............. #..
#.............. #...
#.)............ #....
#..............
#.....######..............
......Sog@................
####..o##########.........
#... #......... ####
#####..### ##.... ####. ##
# #


You could see an orc priest, a gnoll, an adder and an orc.

Vanquished Creatures
  Robin (D:2)
  3 gnolls (D:3)
  3 adders (D:2)
  2 dart slugs
  3 orcs (D:3)
  5 ball pythons
  3 bats
  6 endoplasms
  A giant cockroach (D:1)
  12 goblins
  3 hobgoblins
  5 kobolds
  5 frilled lizards
  7 rats
59 creatures vanquished.

Notes
Turn   | Place    | Note
-------+----------+-------------------------------------------
     0 | D:1      | workbot the Minotaur Berserker began the quest for the Orb.
     0 | D:1      | Reached XP level 1. HP: 19/19 MP: 0/0
   330 | D:1      | Reached skill level 4 in Axes
   333 | D:1      | Reached XP level 2. HP: 27/27 MP: 1/1
  1128 | D:2      | Reached XP level 3. HP: 33/33 MP: 2/2
  1390 | D:2      | Reached ** piety under Trog
  1727 | D:2      | Found a faded altar of an unknown god.
  1883 | D:2      | Noticed Robin
  1892 | D:2      | Reached XP level 4. HP: 41/41 MP: 3/3
  1894 | D:2      | Killed Robin
  1895 | D:2      | Reached skill level 5 in Axes
  2499 | D:3      | HP: 1/41 [gnoll/+0 spear (2)]
  2500 | D:3      | Slain by a gnoll

Illustrated notes

Levels and vault maps discovered:
D:1:      kilobyte_arrival_exit_the_forest, layout_basic, serial_park_tiny_1
D:2:      layout_basic, serial_rivers, chequers_serial_rivers_marsh,
          chequers_serial_rivers_small_3, chequers_serial_rivers_micro_a,
          chequers_serial_rivers_micro_d, chequers_serial_rivers_micro_d,
          shapermc_ecumenical_altar_totnotflames, uniq_robin
D:3:      minmay_wonky_spiral, layout_basic, corexii_shack,
          minmay_misc_feat_five, minivault_25

Skill      XL: |  1  2  3  4 |
---------------+-------------+-----
Axes           | 4 5 |  5.5
Fighting       | 4 |  4.7
Armour         | 3 |  3.0
Dodging        | |  2.5
Stealth        | |  0.3

Action                   |  1- 3 |  4- 6 || total
-------------------------+-------+-------++-------
Melee: Hand axe          |    70 |    47 ||   117
       Headbutt          |    10 |    10 ||    20
Invok: Berserk           |     3 |     1 ||     4
       Trog's Hand       |       |     1 ||     1
Armor: Animal skin       |     3 |       ||     3
       Ring mail         |    14 |       ||    14
       Plate armour      |    17 |    40 ||    57
Dodge: Dodged            |    38 |    23 ||    61
